TOP OF THE 1ST |
Hendersonville Hitmen batting - Pitching for Birmingham Steeldogs : RHP Barton Johnson
|
Pitching: RHP Barton Johnson
|
|
Batting: RHB Eduardo García
|
0-0: SINGLE (Groundball, 56D)
|
Batting: LHB Lorenzo Quintanilla
|
0-0: Called Strike 0-1: Called Strike 0-2: Ball 1-2: Grounds into double play, 4-6-3 (Groundball, 4)
|
Batting: RHB Manolo Román
|
0-0: Ground out 5-3 (Groundball, 56)
|
Top of the 1st over - 0 run(s), 1 hit(s), 0 error(s), 0 left on base; Hendersonville 0 - Birmingham 0 |
BOTTOM OF THE 1ST |
Birmingham Steeldogs batting - Pitching for Hendersonville Hitmen : LHP Simon Martel
|
Pitching: LHP Simon Martel
|
|
Batting: RHB Nick Webb
|
0-0: Ground out 6-3 (Groundball, 6)
|
Batting: LHB Glenn Garrett
|
0-0: Foul Ball, location: 2F 0-1: SINGLE (Line Drive, 34)
|
Batting: RHB Raúl Soto
|
0-0: Ball 1-0: Ball 2-0: Called Strike 2-1: Foul Ball, location: 2F 2-2: Fly out, F7 (Flyball, 7D)
|
Batting: RHB Valentín Borges
|
0-0: Ball 1-0: Ball 2-0: Ground out 1-3 (Groundball, 15S)
|
Bottom of the 1st over - 0 run(s), 1 hit(s), 0 error(s), 1 left on base; Hendersonville 0 - Birmingham 0 |
TOP OF THE 2ND |
Hendersonville Hitmen batting - Pitching for Birmingham Steeldogs : RHP Barton Johnson
|
Batting: LHB Tony Abete
|
0-0: Called Strike 0-1: Foul Ball, location: 2F 0-2: Ball 1-2: Ball 2-2: Fly out, F8 (Flyball, 78M)
|
Batting: RHB Felipe Rivera
|
0-0: Ground out 5-3 (Groundball, 56S)
|
Batting: RHB Bill Mark
|
0-0: Ball 1-0: Swinging Strike 1-1: Foul Ball, location: 2F 1-2: Ball 2-2: Foul Ball, location: 2F 2-2: Hit by Pitch
|
Batting: SHB David Johnstone
|
0-0: Foul Ball, location: 2F 0-1: Called Strike Bill Mark steals 2nd base 0-2: Ball 1-2: Strikes out swinging
|
Top of the 2nd over - 0 run(s), 0 hit(s), 0 error(s), 1 left on base; Hendersonville 0 - Birmingham 0 |
BOTTOM OF THE 2ND |
Birmingham Steeldogs batting - Pitching for Hendersonville Hitmen : LHP Simon Martel
|
Batting: RHB Lorenzo Martínez
|
0-0: Ground out 4-3 (Groundball, 34)
|
Batting: LHB Mitchell Oglethorpe
|
0-0: Fly out, F6 (Popup, 6D)
|
Batting: RHB Eric Johnson
|
0-0: Ball 1-0: Ball 2-0: Called Strike 2-1: SOLO HOME RUN (Flyball, 89XD), Distance : 391 ft
|
Batting: LHB José Sánchez
|
0-0: Called Strike 0-1: Ball 1-1: Called Strike 1-2: Foul Ball, location: 2F 1-2: Ball 2-2: Strikes out looking
|
Bottom of the 2nd over - 1 run(s), 1 hit(s), 0 error(s), 0 left on base; Hendersonville 0 - Birmingham 1 |
TOP OF THE 3RD |
Hendersonville Hitmen batting - Pitching for Birmingham Steeldogs : RHP Barton Johnson
|
Batting: RHB Taylor McFarland
|
0-0: Ball 1-0: Called Strike 1-1: SINGLE (Groundball, 34)
|
Batting: RHB Robert Bly
|
0-0: Grounds into double play, 5-4-3 (Groundball, 56)
|
Batting: RHB Eduardo García
|
0-0: SINGLE (Line Drive, 6MD)
|
Batting: LHB Lorenzo Quintanilla
|
0-0: Ball 1-0: Ball 2-0: Ball 3-0: Called Strike 3-1: 2-RUN HOME RUN (Flyball, 7D), Distance : 375 ft
|
Batting: RHB Manolo Román
|
0-0: Called Strike 0-1: Called Strike 0-2: Ball 1-2: Ball 2-2: Foul Ball, location: 2F 2-2: Ball 3-2: Foul Ball, location: 2F 3-2: Base on Balls
|
Batting: LHB Tony Abete
|
0-0: Ball 1-0: Swinging Strike 1-1: Foul Ball, location: 2F 1-2: Strikes out swinging
|
Top of the 3rd over - 2 run(s), 3 hit(s), 0 error(s), 1 left on base; Hendersonville 2 - Birmingham 1 |
BOTTOM OF THE 3RD |
Birmingham Steeldogs batting - Pitching for Hendersonville Hitmen : LHP Simon Martel
|
Batting: LHB José Martínez
|
0-0: Ball 1-0: Called Strike 1-1: Ball 2-1: Called Strike 2-2: Foul Ball, location: 2F 2-2: Foul Ball, location: 2F 2-2: Foul Ball, location: 2F 2-2: Fly out, F7 (Flyball, 78S)
|
Batting: RHB Nick Webb
|
0-0: Ground out 4-3 (Groundball, 4M)
|
Batting: LHB Glenn Garrett
|
0-0: Foul Ball, location: 2F 0-1: Ball 1-1: Foul Ball, location: 2F 1-2: Foul Ball, location: 2F 1-2: Fly out, F7 (Flyball, 7M)
|
Bottom of the 3rd over - 0 run(s), 0 hit(s), 0 error(s), 0 left on base; Hendersonville 2 - Birmingham 1 |
TOP OF THE 4TH |
Hendersonville Hitmen batting - Pitching for Birmingham Steeldogs : RHP Barton Johnson
|
Batting: RHB Felipe Rivera
|
0-0: Ground out 5-3 (Groundball, 5S)
|
Batting: RHB Bill Mark
|
0-0: Called Strike 0-1: Ball 1-1: Ball 2-1: Foul Ball, location: 2F 2-2: SINGLE (Groundball, 6MD)
|
Batting: SHB David Johnstone
|
0-0: Ball 1-0: Fly out, F7 (Flyball, 7LM)
|
Batting: RHB Taylor McFarland
|
0-0: Called Strike 0-1: Ball 1-1: Ball 2-1: Foul Ball, location: 2F 2-2: Ball 3-2: SINGLE (Groundball, 4MD) Bill Mark to second Bill Mark to third
|
Batting: RHB Robert Bly
|
0-0: Foul Ball, location: 2F 0-1: Swinging Strike 0-2: Strikes out looking
|
Top of the 4th over - 0 run(s), 2 hit(s), 0 error(s), 2 left on base; Hendersonville 2 - Birmingham 1 |
BOTTOM OF THE 4TH |
Birmingham Steeldogs batting - Pitching for Hendersonville Hitmen : LHP Simon Martel
|
Batting: RHB Raúl Soto
|
0-0: Ground out 6-3 (Groundball, 6M)
|
Batting: RHB Valentín Borges
|
0-0: Ball 1-0: SINGLE (Flyball, 7LS)
|
Batting: RHB Lorenzo Martínez
|
0-0: Called Strike 0-1: Foul Ball, location: 2F 0-2: Strikes out looking
|
Batting: LHB Mitchell Oglethorpe
|
0-0: Ball 1-0: Fly out, F6 (Popup, 6M)
|
Bottom of the 4th over - 0 run(s), 1 hit(s), 0 error(s), 1 left on base; Hendersonville 2 - Birmingham 1 |
TOP OF THE 5TH |
Hendersonville Hitmen batting - Pitching for Birmingham Steeldogs : RHP Barton Johnson
|
Batting: RHB Eduardo García
|
0-0: Called Strike 0-1: Foul Ball, location: 2F 0-2: Ball 1-2: Fly out, F9 (Flyball, 9LM)
|
Batting: LHB Lorenzo Quintanilla
|
0-0: Fly out, F8 (Flyball, 8LM)
|
Batting: RHB Manolo Román
|
0-0: Foul Ball, location: 2F 0-1: Ball 1-1: Ball 2-1: Foul Ball, location: 2F 2-2: Foul Ball, location: 2F 2-2: Foul Ball, location: 2F 2-2: Ball 3-2: SINGLE (Groundball, 56D)
|
Batting: LHB Tony Abete
|
0-0: Fly out, F8 (Flyball, 8LD)
|
Top of the 5th over - 0 run(s), 1 hit(s), 0 error(s), 1 left on base; Hendersonville 2 - Birmingham 1 |
BOTTOM OF THE 5TH |
Birmingham Steeldogs batting - Pitching for Hendersonville Hitmen : LHP Simon Martel
|
Batting: RHB Eric Johnson
|
0-0: Ball 1-0: Foul Ball, location: 2F 1-1: Foul Ball, location: 2F 1-2: Fly out, F7 (Flyball, 7M)
|
Batting: LHB José Sánchez
|
0-0: Called Strike 0-1: Ball 1-1: Ball 2-1: Ball 3-1: Fly out, F6 (Popup, 6M)
|
Batting: LHB José Martínez
|
0-0: Ball 1-0: Ball 2-0: Ball 3-0: Called Strike 3-1: Called Strike 3-2: Strikes out looking
|
Bottom of the 5th over - 0 run(s), 0 hit(s), 0 error(s), 0 left on base; Hendersonville 2 - Birmingham 1 |
TOP OF THE 6TH |
Hendersonville Hitmen batting - Pitching for Birmingham Steeldogs : RHP Barton Johnson
|
Batting: RHB Felipe Rivera
|
0-0: Called Strike 0-1: Ball 1-1: Ball 2-1: Ball 3-1: Base on Balls
|
Batting: RHB Bill Mark
|
0-0: Called Strike 0-1: Ball 1-1: Swinging Strike 1-2: Ball 2-2: DOUBLE (Line Drive, 8LM) Felipe Rivera to third Runner from 3rd tries for Home, SAFE, throw made at trailing runner, SAFE at third!
|
Batting: SHB David Johnstone
|
0-0: Intentional Walk
|
Batting: RHB Taylor McFarland
|
0-0: Ball 1-0: Ground out 5-3 (Groundball, 56S) David Johnstone to second
|
Batting: RHB Robert Bly
|
0-0: Foul Ball, location: 2F 0-1: Ball 1-1: Ball 2-1: DOUBLE (Line Drive, 78M) Bill Mark scores David Johnstone scores
|
Batting: RHB Eduardo García
|
0-0: Ball 1-0: Fly out, F7 (Flyball, 7LM)
|
Batting: LHB Lorenzo Quintanilla
|
0-0: 2-RUN HOME RUN (Flyball, 7D), Distance : 383 ft
|
Pitching: RHP Craig Draper
|
|
Batting: RHB Manolo Román
|
0-0: SOLO HOME RUN (Flyball, 7D), Distance : 378 ft
|
Batting: LHB Tony Abete
|
0-0: Ball 1-0: Foul Ball, location: 2F 1-1: Ball 2-1: Foul Ball, location: 2F 2-2: Strikes out swinging
|
Top of the 6th over - 6 run(s), 4 hit(s), 0 error(s), 0 left on base; Hendersonville 8 - Birmingham 1 |
BOTTOM OF THE 6TH |
Birmingham Steeldogs batting - Pitching for Hendersonville Hitmen : LHP Simon Martel
|
Batting: RHB Nick Webb
|
0-0: Swinging Strike 0-1: Foul Ball, location: 2F 0-2: Ground out 1-3 (Groundball, 23)
|
Batting: LHB Glenn Garrett
|
0-0: SINGLE (Line Drive, 78M)
|
Batting: RHB Raúl Soto
|
0-0: Foul Ball, location: 2F 0-1: Swinging Strike 0-2: Foul Ball, location: 2F 0-2: Foul Ball, location: 2F 0-2: Strikes out swinging
|
Batting: RHB Valentín Borges
|
0-0: Swinging Strike 0-1: Ball 1-1: Swinging Strike 1-2: Ball 2-2: Strikes out swinging
|
Bottom of the 6th over - 0 run(s), 1 hit(s), 0 error(s), 1 left on base; Hendersonville 8 - Birmingham 1 |
TOP OF THE 7TH |
Hendersonville Hitmen batting - Pitching for Birmingham Steeldogs : RHP Craig Draper
|
Batting: RHB Felipe Rivera
|
0-0: Fly out, F8 (Flyball, 78D)
|
Batting: RHB Bill Mark
|
0-0: Called Strike 0-1: SINGLE (Line Drive, 7LS)
|
Batting: SHB David Johnstone
|
0-0: Ground out U3 (Groundball, 3S) Bill Mark to second
|
Batting: RHB Taylor McFarland
|
0-0: Ball 1-0: Ball 2-0: Foul Ball, location: 2F 2-1: Ball 3-1: Swinging Strike 3-2: Foul Ball, location: 2F 3-2: Ground out 4-3 (Groundball, 4)
|
Top of the 7th over - 0 run(s), 1 hit(s), 0 error(s), 1 left on base; Hendersonville 8 - Birmingham 1 |
BOTTOM OF THE 7TH |
Birmingham Steeldogs batting - Pitching for Hendersonville Hitmen : LHP Simon Martel
|
Batting: RHB Lorenzo Martínez
|
0-0: Swinging Strike 0-1: Ball 1-1: Foul Ball, location: 2F 1-2: Fly out, F9 (Flyball, 89D)
|
Batting: LHB Mitchell Oglethorpe
|
0-0: Ball 1-0: Foul Ball, location: 2F 1-1: Called Strike 1-2: Ball 2-2: Ball 3-2: Base on Balls
|
Batting: RHB Eric Johnson
|
0-0: SINGLE (Flyball, 89S) Mitchell Oglethorpe to second
|
Batting: LHB José Sánchez
|
0-0: Ball 1-0: Foul Ball, location: 2F 1-1: Swinging Strike 1-2: Hit by Pitch Mitchell Oglethorpe to third Eric Johnson to second
|
Batting: LHB José Martínez
|
0-0: Foul Ball, location: 2F 0-1: Foul Ball, location: 2F 0-2: Foul Ball, location: 2F 0-2: Strikes out looking
|
Batting: RHB Nick Webb
|
0-0: Called Strike 0-1: Ground out 5-3 (Groundball, 56)
|
Bottom of the 7th over - 0 run(s), 1 hit(s), 0 error(s), 3 left on base; Hendersonville 8 - Birmingham 1 |
TOP OF THE 8TH |
Hendersonville Hitmen batting - Pitching for Birmingham Steeldogs : RHP Craig Draper
|
Batting: RHB Robert Bly
|
0-0: Called Strike 0-1: Fly out, F8 (Flyball, 8LM)
|
Batting: RHB Eduardo García
|
0-0: Ball 1-0: SINGLE (Line Drive, 56D)
|
Batting: LHB Lorenzo Quintanilla
|
0-0: Called Strike 0-1: Ball 1-1: Ball 2-1: Ball 3-1: Called Strike 3-2: Base on Balls Eduardo García to second
|
Batting: RHB Manolo Román
|
0-0: Ball Eduardo García steals 3rd base Lorenzo Quintanilla to second 1-0: DOUBLE (Line Drive, 7LD) Eduardo García scores Lorenzo Quintanilla scores
|
Batting: LHB Tony Abete
|
0-0: Foul Ball, location: 2F 0-1: Ball 1-1: Fly out, F6 (Popup, 6M)
|
Batting: RHB Felipe Rivera
|
0-0: Foul Ball, location: 2F 0-1: Foul Ball, location: 2F 0-2: Ball 1-2: Ball 2-2: Strikes out looking
|
Top of the 8th over - 2 run(s), 2 hit(s), 0 error(s), 1 left on base; Hendersonville 10 - Birmingham 1 |
BOTTOM OF THE 8TH |
Birmingham Steeldogs batting - Pitching for Hendersonville Hitmen : LHP Simon Martel
|
Pitching: RHP Robinson Gonzáles
|
|
Batting: LHB Glenn Garrett
|
0-0: Called Strike 0-1: Swinging Strike 0-2: Ball 1-2: Ball 2-2: Ball 3-2: Foul Ball, location: 2F 3-2: Strikes out swinging
|
Batting: RHB Raúl Soto
|
0-0: Ball 1-0: Ball 2-0: Ball 3-0: Called Strike 3-1: Reached on Error, E6 (Popup, 6)
|
Batting: RHB Valentín Borges
|
0-0: Called Strike 0-1: Fly out, F8 (Flyball, 8RXD)
|
Batting: RHB Lorenzo Martínez
|
0-0: Swinging Strike 0-1: Swinging Strike 0-2: Ground out 5-3 (Groundball, 56S)
|
Bottom of the 8th over - 0 run(s), 0 hit(s), 1 error(s), 1 left on base; Hendersonville 10 - Birmingham 1 |
TOP OF THE 9TH |
Hendersonville Hitmen batting - Pitching for Birmingham Steeldogs : RHP Craig Draper
|
Batting: RHB Bill Mark
|
0-0: Called Strike 0-1: Ground out 5-3 (Groundball, 56)
|
Batting: SHB David Johnstone
|
0-0: Called Strike 0-1: Ball 1-1: Ball 2-1: Fly out, F6 (Line Drive, 6M)
|
Batting: RHB Taylor McFarland
|
0-0: SINGLE (Line Drive, 9LS)
|
Batting: RHB Robert Bly
|
0-0: Ball 1-0: Ball 2-0: Called Strike 2-1: Foul Ball, location: 2F 2-2: Foul Ball, location: 2F 2-2: Ball 3-2: Foul Ball, location: 2F 3-2: Foul Ball, location: 2F 3-2: Ground out 6-3 (Groundball, 6)
|
Top of the 9th over - 0 run(s), 1 hit(s), 0 error(s), 1 left on base; Hendersonville 10 - Birmingham 1 |
BOTTOM OF THE 9TH |
Birmingham Steeldogs batting - Pitching for Hendersonville Hitmen : RHP Robinson Gonzáles
|
Batting: LHB Mitchell Oglethorpe
|
0-0: Ball 1-0: Fly out, F7 (Line Drive, 7S)
|
Batting: RHB Eric Johnson
|
0-0: Ball 1-0: Called Strike 1-1: Called Strike 1-2: Ball 2-2: Strikes out swinging
|
Batting: LHB José Sánchez
|
0-0: Ball 1-0: Called Strike 1-1: DOUBLE (Line Drive, 78M)
|
Batting: LHB José Martínez
|
0-0: Called Strike 0-1: Called Strike 0-2: Ball 1-2: Foul Ball, location: 2F 1-2: Ball 2-2: Strikes out swinging
|
Bottom of the 9th over - 0 run(s), 1 hit(s), 0 error(s), 1 left on base; Hendersonville 10 - Birmingham 1 |
|